 Dungeon Crawl Stone Soup version 0.31.0-11-ge490571c62 (webtiles) character file.

Game seed: 4262767427908707265

77 qw the Shooter (level 4, -7/22 HPs)
             Began as a Spriggan Hunter on Feb 3, 2024.
             Killed from afar by Sigmund (8 damage)
             ... with a puff of flame
             ... on level 2 of the Dungeon.
             The game lasted 00:00:06 (1265 turns).

qw the Shooter (Spriggan Hunter)                    Turns: 1265, Time: 00:00:06

Health: -7/22      AC:  2    Str:  7    XL:     4   Next: 13%
Magic:  5/5        EV: 19    Int: 10    God:
Gold:   84         SH:  0    Dex: 20    Spells: 3/3 levels left

rFire   . . .        a - +0 shortbow
rCold   . . .        (shield currently unavailable)
rNeg    . . .        c - +0 robe
rPois   .            (helmet restricted)
rElec   .            (no cloak)
rCorr   .            (gloves unavailable)
SInv    +            (boots unavailable)
Will    .....        (no amulet)
Stlth   ++           (no ring)
HPRegen 0.23/turn    (no ring)
MPRegen 0.09/turn

%: no passive effects
@: about to teleport, very quick
A: very small, no large weapons, unfitting armour, see invisible, speed 3
a: no special abilities


You were on level 2 of the Dungeon.
You visited 1 branch of the dungeon, and saw 2 of its levels.

You collected 84 gold pieces.


Innate Abilities, Weirdness & Mutations

You are very small and have problems with some larger weapons.
You are too small for most types of armour.
You have supernaturally acute eyesight. (SInv)
You cover ground extremely quickly. (Speed+++)


   Skills:
 - Level 1.5 Fighting
 - Level 5.1 Ranged Weapons
 + Level 4.1 Dodging
 - Level 1.5 Stealth


You had 3 spell levels left.
You didn't know any spells.
Your spell library was empty.

Inventory:

Hand Weapons
 a - a +0 shortbow (weapon)
Armour
 c - a +0 robe (worn)
Scrolls
 d - a scroll of amnesia {unknown}
 e - a scroll of blinking {unknown}
 i - a scroll of identify
 j - a scroll of teleportation
Potions
 b - a potion of invisibility {unknown}
 f - 2 potions of cancellation
 g - a potion of curing {unknown}
 h - a potion of berserk rage {unknown}
 k - a potion of resistance {unknown}
 m - 3 potions of heal wounds {unknown}

Dungeon Overview and Level Annotations

Branches:
Dungeon (2/15)

Altars:
Qazlal

Annotations:
D:2 Sigmund


Message History

You shoot an arrow. The arrow completely misses Sigmund.
Sigmund completely misses you.
You shoot an arrow. The arrow closely misses Sigmund.
Sigmund barely misses you.
You shoot an arrow. The arrow closely misses Sigmund.
Sigmund hits you from afar with a +0 scythe.
You shoot an arrow. The arrow closely misses Sigmund.
You shoot an arrow.
The arrow barely misses the ball python.
The ball python completely misses you. The ball python closely misses you.
Sigmund closely misses you. The ball python barely misses you.
The ball python completely misses you.
You shoot an arrow.
The arrow closely misses the ball python.
The ball python misses you. The ball python completely misses you.
Sigmund points at you and mumbles some strange words.
The magic dart hits you!
You shoot an arrow. The arrow hits the ball python.
The ball python is severely wounded.
The ball python misses you. The ball python grabs you.
The ball python constricts you.
Sigmund hits you from afar with a +0 scythe.
You shoot an arrow. The arrow hits the ball python.
You kill the ball python!
Sigmund misses you.
You shoot an arrow. The arrow barely misses Sigmund.
You shoot an arrow.
The arrow hits Sigmund but does no damage.
Sigmund is moderately wounded.
Sigmund hits you from afar with a +0 scythe!
Ouch! That really hurt!
1264 ||| READING 2 scrolls of teleportation.
As you read the scroll of teleportation, it crumbles to dust.
You feel strangely unstable. Sigmund misses you.
You shoot an arrow. The arrow closely misses Sigmund.
Sigmund casts a spell at you. The puff of flame hits you!
You die...
Sigmund begins carving another notch in his scythe.

#.# #)# #.#
######+#######.##
................#
..........####..#
..........# #..#####
##############..###
#..#...#
####...........@...#
###..#.#.#
#....#########.##..#
#.#..#.#.#
##....####### #@
#..# #.#..#.#.#
.'........... .>
#..####.#..#.#.#
##......#######.
#..............#
####...# #.
#.#####.##.#####
#...# #.
#.#####.........
#.###### #.
#..........####.
#####......#
#........#......


You could see Sigmund.

Vanquished Creatures
  Terence (D:2)
  An adder (D:2)
  2 dart slugs (D:1)
  A ribbon worm (D:2)
  3 endoplasms (D:1)
  3 giant cockroaches
  2 goblins (D:2)
  3 hobgoblins
  5 kobolds
  A quokka (D:2)
  3 ball pythons
  5 bats
  4 frilled lizards
  2 rats
36 creatures vanquished.

Notes
Turn   | Place    | Note
-------+----------+-------------------------------------------
     0 | D:1      | qw the Spriggan Hunter began the quest for the Orb.
     0 | D:1      | Reached XP level 1. HP: 10/10 MP: 2/2
     0 | D:1      | 0 ||| qw: Version: 0.3-a-155-g5e7d8dd
     0 | D:1      | 0 ||| qw: Game counter: 3142
     0 | D:1      | 0 ||| qw: Melee chars always use a shield: true
     0 | D:1      | 0 ||| qw: God list: Okawaru
     0 | D:1      | 0 ||| qw: Allow faded altars: false
     0 | D:1      | 0 ||| qw: Do Orc after clearing Dungeon:15 true
     0 | D:1      | 0 ||| qw: Do second Lair branch before Depths: true
     0 | D:1      | 0 ||| qw: Lair rune preference: random
     0 | D:1      | 0 ||| qw: Goals: Normal
     0 | D:1      | 0 ||| PLANNING D:1-11
    52 | D:1      | Reached skill level 3 in Dodging
   223 | D:1      | Reached XP level 2. HP: 14/14 MP: 3/3
   603 | D:1      | 603 ||| READING scroll labelled QUSITI ANIG.
   628 | D:1      | 628 ||| READING scroll labelled WOZILI JOUZI.
   628 | D:1      | 628 ||| IDENTIFYING viscous sapphire potion
   629 | D:1      | 629 ||| READING 2 scrolls labelled GUHOLA CASEU.
   630 | D:1      | 630 ||| READING 2 scrolls labelled FYTAOMNOKA.
   633 | D:1      | 633 ||| READING 2 scrolls labelled KOSUSADAOR.
   634 | D:1      | 634 ||| DROPPING scroll of butterflies.
   635 | D:1      | 635 ||| DROPPING scroll of poison.
   636 | D:1      | 636 ||| DROPPING scroll of revelation.
   697 | D:2      | Found a stormy altar of Qazlal.
   770 | D:2      | Reached XP level 3. HP: 18/18 MP: 4/4
  1106 | D:2      | Noticed Terence
  1113 | D:2      | Killed Terence
  1114 | D:2      | Reached skill level 5 in Ranged Weapons
  1114 | D:2      | Reached XP level 4. HP: 11/22 MP: 5/5
  1250 | D:2      | Noticed Sigmund
  1263 | D:2      | HP: 1/22 [Sigmund/+0 scythe (11)]
  1264 | D:2      | 1264 ||| READING 2 scrolls of teleportation.
  1265 | D:2      | Killed from afar by Sigmund

Levels and vault maps discovered:
D:1:      evilmike_arrival_crescent, layout_loops_cross
D:2:      layout_basic, basic_altar, uniq_jessica, uniq_terence, uniq_sigmund

Skill      XL: |  1  2  3 |
---------------+----------+-----
Dodging        | 3 4 |  4.1
Ranged Weapons | 5 |  5.1
Fighting       | |  1.5
Stealth        | |  1.5

Action                     |  1- 3 |  4- 6 || total
---------------------------+-------+-------++-------
   Fire: Shortbow          |    92 |    17 ||   109
    Use: Scroll            |     5 |     1 ||     6
 Armour: Robe              |    11 |     5 ||    16
  Dodge: Dodged            |    25 |    12 ||    37

Table legend:
 A = Non-vault XP
 B = Vault XP
 C = Vault XP percentage of total XP
 D = Non-vault monster count
 E = Vault monster count
 F = Vault count percentage of total count
                 A         B        C        D         E       F
            +---------+---------+-------+---------+---------+-------
      Total |      74 |      36 |  32.7 |      35 |       1 |   2.8
            +---------+---------+-------+---------+---------+-------
        D:1 |      29 |       0 |   0.0 |      16 |       0 |   0.0
        D:2 |      45 |      36 |  44.4 |      19 |       1 |   5.0
            +---------+---------+-------+---------+---------+-------
